 Dungeon Crawl Stone Soup version 0.30.0-30-g96aa6591b8 (webtiles) character file.

Game seed: 13100641916248829382

62 GeoRichter the Gusty (level 4, -2/37 HPs)
             Began as a Tengu Air Elementalist on June 26, 2023.
             Was a Follower of Trog.
             Slain by a kobold
             ... wielding a +4 short sword
              (4 damage)
             ... on level 3 of the Dungeon.
             The game lasted 00:03:46 (2626 turns).

GeoRichter the Gusty (Tengu Air Elementalist)       Turns: 2626, Time: 00:03:47

Health: -2/37      AC:  5    Str:  8    XL:     4   Next: 8%
Magic:  8/8        EV: 10    Int: 17    God:    Trog [*.....]
Gold:   236        SH:  0    Dex: 15    Spells: 4/7 levels left

rFire   . . .        o - +2 dagger (venom)
rCold   + . .        (no shield)
rNeg    . . .        t - +0 ring mail
rPois   .            (helmet restricted)
rElec   .            k - scarf {shadows}
rCorr   .            (no gloves)
SInv    .            (boots unavailable)
Will    .....        h - amulet of the acrobat Stlth
                     (no ring)
HPRegen 0.26/turn    j - ring of protection from cold
MPRegen 0.11/turn

%: acrobat
@: berserking, very quick
A: beak, talons 3
a: Renounce Religion, Berserk


You were on level 3 of the Dungeon.
You worshipped Trog.
Trog was aware of your devotion.
You visited 1 branch of the dungeon, and saw 3 of its levels.

You collected 236 gold pieces.

Inventory:

Hand Weapons
 o - a +2 dagger of venom (weapon)
   (You took it off a goblin on level 1 of the Dungeon)
Missiles
 q - 6 poisoned darts (quivered)
Armour
 a - a +0 robe
 k - a scarf of shadows (worn)
   (You found it on level 1 of the Dungeon)
 t - a +0 ring mail (worn)
   (You found it on level 2 of the Dungeon)
Jewellery
 h - an amulet of the acrobat (around neck)
   (You found it on level 2 of the Dungeon)
 j - a ring of protection from cold (right hand)
   (You found it on level 1 of the Dungeon)
Scrolls
 c - a scroll of teleportation {unknown}
 g - a scroll of silence {unknown}
 i - 2 scrolls of identify {unknown}
 n - 3 scrolls of amnesia {unknown}
 r - a scroll of brand weapon {unknown}
 s - 6 scrolls of magic mapping {unknown}
 u - a scroll of enchant armour {unknown}
Potions
 b - 2 potions of mutation {unknown}
 d - a potion of degeneration {unknown}
 e - 2 potions of curing {unknown}
 f - 5 potions of heal wounds {unknown}
 l - a potion of lignification {unknown}
 m - a potion of flight {unknown}
 p - a potion of cancellation {unknown}
 v - a potion of experience {unknown}
 w - a potion of brilliance {unknown}


   Skills:
 + Level 1.0 Fighting
 - Level 1.1(1.3) Short Blades
 * Level 1.0(1.3) Long Blades
 - Level 2.1 Dodging
 - Level 2.0 Stealth
 - Level 2.3 Spellcasting
 - Level 2.2 Conjurations
 - Level 4.9 Air Magic


You had 4 spell levels left.
You knew the following spells:

 Your Spells              Type           Power      Damage    Failure   Level
a - Shock                 Conj/Air       56%        1d6       13%         1
b - Static Discharge      Conj/Air       28%        2-4/arc   21%         2

Your spell library contained the following spells:

 Spells                   Type           Power      Damage    Failure   Level
 Swiftness                Air            18%        N/A       22%         3
 Airstrike                Air            9%         2d(2-18)  58%         4


Dungeon Overview and Level Annotations

Branches:
Dungeon (3/15) Zot: 15374

Altars:
Trog


Innate Abilities, Weirdness & Mutations

You have a beak for a mouth.
You have claws for feet.


Message History

You now have 203 gold pieces (gained 16).
You now have 215 gold pieces (gained 12).
You now have 223 gold pieces (gained 8).
v - a bubbling blue potion Key pressed, stopping explore.
Found 5 stones.
Found 4 stones.
You see here 5 stones.
Found a fizzy yellow potion.
w - a fizzy yellow potion
Found a stone staircase leading down.
Found a stone staircase leading down.
Found a stone staircase leading up.
There is a stone staircase leading up here.
Found 13 gold pieces.
You now have 236 gold pieces (gained 13).
Found a scroll labelled KIQEIPT UXEREG.
A kobold comes into view. It is wielding a +4 short sword.
The kobold shouts!
A hound comes into view.
There are monsters nearby!
Found a leather armour.
The hound barks!
You hit the hound but do no damage.
The hound is poisoned.
The hound misses you.
The kobold hits you with a +4 short sword.
You closely miss the hound. Your kick misses the hound.
Your peck misses the hound.
The hound is lightly wounded.
The hound bites you. The kobold misses you. The hound bites you.
You hit the hound.
The hound looks even sicker.
Your kick misses the hound. You peck the hound.
The hound is moderately wounded.
The hound bites you. The kobold hits you but does no damage.
You hit the hound but do no damage.
The hound looks as sick as possible!
Your peck misses the hound.
The hound is moderately wounded.
The hound bites you.
* * * LOW HITPOINT WARNING * * *
The kobold hits you with a +4 short sword!
* * * LOW HITPOINT WARNING * * *
The hound bites you but does no damage.
A red film seems to cover your vision as you go berserk!
You feel yourself moving faster!
You feel mighty! The kobold barely misses you. The hound closely misses you.
You puncture the hound!
You kill the hound!
Trog accepts your kill.
The kobold hits you with a +4 short sword.
You die...

###.#
#...######
#........
#......#
###......# #
##.....†..##.#
#.....@K.....
#.##...##.###
...?......###
###.#.###...##
#.#.
#.###.#########
## # ..#.#
##.........
.#### [##.#
####..#######
#...# . #.
#.....# .##.#
#.# #.###.#


You could see a kobold.

Vanquished Creatures
  A hound (D:3)
  An adder (D:2)
  3 worms (D:2)
  A dart slug (D:1)
  2 bats (D:1)
  3 endoplasms
  3 giant cockroaches
  4 goblins
  5 hobgoblins
  4 jackals (D:1)
  3 kobolds
  A quokka (D:2)
  6 ball pythons
  3 frilled lizards
40 creatures vanquished.

Notes
Turn   | Place    | Note
-------+----------+-------------------------------------------
     0 | D:1      | GeoRichter the Tengu Air Elementalist began the quest for
                  | the Orb.
     0 | D:1      | Reached XP level 1. HP: 10/10 MP: 4/4
   288 | D:1      | Reached XP level 2. HP: 15/15 MP: 3/6
   494 | D:1      | Learned a level 2 spell: Static Discharge
   603 | D:1      | Reached XP level 3. HP: 19/19 MP: 0/7
  1303 | D:2      | Found a faded altar of an unknown god.
  1394 | D:2      | Prayed at the altar of an unknown god.
  1394 | D:2      | Became a worshipper of Trog the Wrathful
  1394 | D:2      | Reached * piety under Trog
  1853 | D:2      | Reached skill level 1 in Short Blades
  2161 | D:2      | Reached XP level 4. HP: 23/24 MP: 8/8
  2167 | D:2      | Reached skill level 1 in Long Blades
  2289 | D:2      | Reached skill level 1 in Fighting
  2624 | D:3      | HP: 1/25 [kobold/+4 short sword (7)]
  2626 | D:3      | Slain by a kobold

Illustrated notes

Levels and vault maps discovered:
D:1:      psy_arrival_radial02, layout_basic, minivault_4, minmay_heptomino_l4
D:2:      layout_loops_ring, nicolae_ecumenical_oubliette, reono_crystal_passage
D:3:      layout_loops_cross, nicolae_qazlal_eye_of_the_storm

Skill      XL: |  1  2  3  4 |
---------------+-------------+-----
Conjurations   | 2 |  2.2
Short Blades   | 1 |  1.1
Long Blades    | 1 |  1.0
Fighting       | 1 |  1.0
Dodging        | |  2.1
Stealth        | |  2.0
Spellcasting   | |  2.3
Air Magic      | |  4.9

Action                     |  1- 3 |  4- 6 || total
---------------------------+-------+-------++-------
  Melee: Short sword       |     6 |       ||     6
         Dagger            |    31 |    10 ||    41
         Kick              |     6 |     2 ||     8
         Peck              |     5 |     3 ||     8
  Throw: Dart              |     7 |     2 ||     9
   Cast: Shock             |    51 |       ||    51
 Invoke: Berserk           |       |     1 ||     1
    Use: Potion            |     1 |       ||     1
 Armour: Robe              |     4 |       ||     4
         Ring mail         |     4 |     2 ||     6
  Dodge: Dodged            |    27 |     5 ||    32
